 Dungeon Crawl Stone Soup version 0.28-a0-845-gfc338a8e3c (webtiles) character file.

Game seed: 17452953563546470888

1164 gimp the Magician (level 8, -5/58 HPs)
             Began as a Djinni Earth Elementalist on Nov 12, 2021.
             Was an Initiate of Gozag.
             Slain by a wyvern (15 damage)
             ... on level 5 of the Dungeon.
             The game lasted 00:12:50 (7796 turns).

gimp the Magician (Djinni Earth Elementalist)       Turns: 7796, Time: 00:12:51

Health: -5/58      AC:  2    Str:  7    XL:     8   Next: 67%
Gold:   378        EV: 13    Int: 18    God:    Gozag SH:  0 Dex: 15

rFire   + + +      SeeInvis .   a - +0 dagger
rCold   . . .      Faith    .   (no shield)
rNeg    . . .      Spirit   .   b - +0 robe
rPois   ∞          Reflect  .   (no helmet)
rElec   +          Harm     .   (no cloak)
rCorr   +          Rampage  .   (no gloves)
Will    .....                   (boots unavailable)
Stlth   ++........              (no amulet)
HPRegen 0.19/turn               d - ring of protection from fire
MPRegen 0.00/turn               m - ring of protection from fire

@: resistant, flying
A: sickness immunity, fire resistance 2, cold vulnerability 1, float, innate
caster, hp casting, extra vitality 1
a: Renounce Religion, Potion Petition, Call Merchant, Bribe Branch


You were on level 5 of the Dungeon.
You worshipped Gozag.
Gozag was aware of your devotion.
You visited 1 branch of the dungeon, and saw 5 of its levels.
You also visited: Ossuary.

You collected 695 gold pieces.
You paid 317 gold pieces to Gozag.

Inventory:

Hand Weapons
 a - a +0 dagger (weapon)
 k - a +0 whip
Missiles
 c - 140 stones
 j - 6 poisoned darts
Armour
 b - a +0 robe (worn)
Jewellery
 d - a ring of protection from fire (left hand)
 m - a ring of protection from fire (right hand)
 s - a ring of wizardry
Scrolls
 e - 2 scrolls of teleportation
 h - a scroll of holy word
 l - a scroll of fog
 o - 2 scrolls of amnesia {unknown}
 r - a scroll of blinking {unknown}
 t - a scroll of noise {unknown}
Potions
 f - 2 potions of heal wounds {unknown}
 g - 2 potions of might {unknown}
 i - 2 potions of curing
 n - a potion of haste {unknown}
 q - a potion of attraction {unknown}
 u - a potion of resistance
 v - a potion of lignification


   Skills:
 * Level 4.8 Fighting
 + Level 3.9 Short Blades
 - Level 4.0 Dodging
 - Level 1.7 Stealth
 + Level 5.3 Spellcasting


You had one spell level left.
You knew the following spells:

 Your Spells              Type           Power      Damage    Failure   Level
a - Sandblast             Erth           48%        2d12      1%          1
b - Passwall              Tmut/Erth      20%        N/A       2%          2
c - Stone Arrow           Conj/Erth      48%        3d10      4%          3
d - Petrify               Tmut/Erth      24%        N/A       14%         4
e - Animate Skeleton      Necr           48%        N/A       1%          1
f - Poisonous Vapours     Pois/Air       48%        N/A       2%          2
g - Gell's Gravitas       Tloc           24%        N/A       4%          3
Your spell library was empty.

Dungeon Overview and Level Annotations

Branches:
Dungeon (5/15)            Ossuary (visited)
 Temple: D:4-7

Altars:
Gozag
Sif Muna
Wu Jian

Shops:
D:2 (


Innate Abilities, Weirdness & Mutations

You are immune to sickness and miasma.
You are immune to poison.
Your flesh is very heat resistant. (rF++)
You are vulnerable to cold. (rC-)
You float through the air rather than walking.
You learn spells naturally, not from books.
Your magical power is your life essence.
You have superior vitality. (+4 HP)


Message History

The stone arrow misses the wyvern.
* * * LOW HITPOINT WARNING * * *
The wyvern bites you.
* * * LOW HITPOINT WARNING * * *
You take 7 damage, and have 13/58 hp. [a] - 308 gold - resistance and might [b] - 648 gold - heal wounds, curing, berserk rage, resistance and might [c] - 260 gold - curing and resistance Purchase which effect?
You don't have enough gold for that! [a] - 308 gold - resistance and might [b] - 648 gold - heal wounds, curing, berserk rage, resistance and might [c] - 260 gold - curing and resistance Purchase which effect?
You no longer have enough gold to petition Gozag for potion effects.
You feel better.
You feel protected. The wyvern bites you!
* * * LOW HITPOINT WARNING * * *
The wyvern closely misses you.
You take 8 damage, and have 5/58 hp.
Okay, then.
You feel better. The wyvern barely misses you.
You regained 10 hp, and now have 15/58 hp.
You feel better.
The wyvern hisses menacingly.
The wyvern barely misses you. The wyvern bites you.
You regained 6 hp, and now have 21/58 hp.
You feel better. The wyvern bites you!
You regained 2 hp, and now have 23/58 hp.
Aiming: Stone Arrow (dangerous; 4% risk of failure)
Press: ? - help, Q - select action, (/) - cycle Shift-Dir - straight line, f/p - wyvern
Aim: a wyvern (moderately wounded, 71% to hit)
The stone arrow hits the wyvern!
The wyvern is almost dead.
The wyvern bites you!
* * * LOW HITPOINT WARNING * * *
The wyvern bites you!
You die...
Your body crumbles into a pile of gold.

≈....,,,≈,,*** *,*******,*,*,,,
≈.####*,≈,,,,* *,*,,,,,*,*,*,**
≈.....*,≈,,,,* *,*,***,*,*,*,,,
≈.#._,*,≈,,,,* *,*,* *>*,*,****
≈.#,,,,,,,,,,* *,*,* *,*,#$*,,,
≈.#####.≈,,,,*****,*,***,*.#,*,**
≈.......≈.,,,,,,,,$*,,,,,..*,*,*
≈≈≈≈≈≈≈≈≈....###########.###.*,*
.....).,$......l@...........>*,*
..#....**#.#.########.##.####*,*
..#.###* *,*,*,,,,,<#.#*,* *,*
#.#.# *,*,*,*****#.#*,* *,* ....#
*,*,*,,,,* #.#*,* *,*
#)########,*,*,**,* #.#*,* *,*
.........#,*,****,###.##,*****,*
#.######.#$*,,,,,,#....#,,,,,,,*
#.# #.#,*#######.########****


You could see a wyvern.

Vanquished Creatures
  Sigmund (D:4)
  An ice beast (D:5)
  3 black bears
  2 ogres
  A bullfrog skeleton (D:2)
  An orc priest (D:3)
  2 hounds
  Terence (D:2)
  Natasha (thrice) (D:4)
  An orc wizard (D:4)
  A hound skeleton (D:3)
  8 mummies (Ossuary)
  3 adders
  A howler monkey skeleton (D:4)
  A worm zombie (D:5)
  A worm (D:2)
  7 orcs
  3 ball pythons
  9 bats
  6 endoplasms
  5 giant cockroaches
  2 gnoll zombies (Ossuary)
  4 goblins
  8 hobgoblins
  3 jackals
  3 kobolds
  3 quokkas
  3 frilled lizards
  3 hobgoblin zombies (Ossuary)
  A kobold zombie (Ossuary)
  3 orc zombies
  3 rats
97 creatures vanquished.

Vanquished Creatures (others)
  A plant (D:1)
  3 withered plants (D:1)
4 creatures vanquished.

Grand Total: 101 creatures vanquished

Notes
Turn   | Place    | Note
-------+----------+-------------------------------------------
     0 | D:1      | gimp the Djinni Earth Elementalist began the quest for the
                  | Orb.
     0 | D:1      | Reached XP level 1. HP: 15/15 MP: 0/0
   360 | D:1      | Reached XP level 2. HP: 21/21 MP: 0/0
   884 | D:1      | Found a faded altar of an unknown god.
  1214 | D:2      | Reached skill level 3 in Spellcasting
  1214 | D:2      | Reached XP level 3. HP: 18/25 MP: 0/0
  1214 | D:2      | Learned a level 1 spell: Animate Skeleton
  1374 | D:2      | Reached XP level 4. HP: 29/31 MP: 0/0
  1620 | D:2      | Noticed Terence
  1683 | D:2      | Killed Terence
  1684 | D:2      | Reached skill level 1 in Short Blades
  1939 | D:2      | Reached XP level 5. HP: 24/35 MP: 0/0
  1939 | D:2      | Learned a level 2 spell: Poisonous Vapours
  2719 | D:2      | Found Jobebb's Antique Weapon Shop.
  4659 | D:4      | Found an ornate altar of the Wu Jian Council.
  4660 | D:4      | Found an opulent altar of Gozag.
  4662 | D:4      | Noticed Sigmund
  4727 | D:4      | Reached XP level 6. HP: 30/40 MP: 0/0
  4803 | D:4      | Noticed Natasha
  4836 | D:4      | Became a worshipper of Gozag Ym Sagoz the Greedy
  4879 | D:4      | Killed Natasha
  5177 | D:4      | Noticed Natasha
  5181 | D:4      | Killed Natasha
  5182 | D:4      | Reached skill level 4 in Spellcasting
  5596 | D:4      | Noticed an ogre
  5792 | D:4      | Killed an ogre
  5793 | D:4      | Reached skill level 1 in Fighting
  5793 | D:4      | Reached XP level 7. HP: 37/47 MP: 0/0
  5793 | D:4      | Learned a level 3 spell: Gell's Gravitas
  5895 | D:4      | Noticed Natasha
  6091 | D:4      | Killed Sigmund
  6093 | D:4      | Killed Natasha
  6661 | D:5      | Entered Level 5 of the Dungeon
  6669 | D:5      | Reached skill level 5 in Spellcasting
  6669 | D:5      | Reached XP level 8. HP: 50/56 MP: 0/0
  6742 | D:5      | Found a sand-covered staircase.
  6968 | Ossuary  | Entered an ossuary
  7785 | D:5      | Noticed a wyvern
  7796 | D:5      | Slain by a wyvern

Illustrated notes

Levels and vault maps discovered:
D:1:      nicolae_arrival_washed_ashore, layout_rooms, serial_rivers,
          chequers_serial_rivers_room_a, chequers_serial_rivers_room_a,
          chequers_serial_rivers_micro_c, chequers_serial_rivers_large_a,
          chequers_serial_rivers_micro_e, chequers_serial_rivers_marsh,
          shapermc_ecumenical_altar_flowoftime, st_stairs_14
D:2:      layout_loops_ring, serial_shops, shop, grunt_decor_resistance,
          uniq_terence
D:3:      layout_basic, general_overflow_altar, patterned_corridor
D:4:      layout_basic, grunt_temple_overflow_open, minmay_misc_feat_columns,
          uniq_sigmund, uniq_natasha
D:5:      layout_basic, mainiacjoe_overflow_brackets, enter_ossuary_3

Skill      XL: |  1  2  3  4  5  6  7  8 |
---------------+-------------------------+-----
Spellcasting   | 3 4 5 |  5.3
Dodging        | 3 4 |  4.0
Short Blades   | 1 2 3 |  3.9
Fighting       | 1 3 4 |  4.8
Stealth        | |  1.7

Action                   |  1- 3 |  4- 6 |  7- 9 || total
-------------------------+-------+-------+-------++-------
Melee: Whip              |    46 |       |       ||    46
       Dagger            |     9 |   274 |     3 ||   286
Throw: Dart              |       |    12 |       ||    12
       Stone             |       |     1 |       ||     1
 Cast: Sandblast         |    19 |    17 |       ||    36
       Stone Arrow       |       |    21 |    61 ||    82
Invok: Potion Petition   |       |       |     1 ||     1
  Use: Scroll            |       |     3 |     5 ||     8
       Potion            |       |       |     3 ||     3
 Stab: Sleeping          |     1 |     6 |       ||     7
Armor: Robe              |     9 |    75 |     3 ||    87
Dodge: Dodged            |    31 |   199 |     8 ||   238

Table legend: (Time is in decaauts)
 A = Elapsed time spent in this place.
 B = Non-inter-level travel time spent in this place.
 C = Inter-level travel time spent in this place.
 D = Time resting spent in this place.
 E = Time spent auto-exploring this place.
 F = Levels seen in this place.
 G = Mean time per level.
                   A        B        C        D        E       F      G
               +--------+--------+--------+--------+--------+-----+--------+
         Total |   7782 |   7527 |    255 |    597 |   5604 |   6 | 1297.0 |
       Dungeon |   7188 |   6933 |    255 |    597 |   5136 |   5 | 1437.6 |
       Ossuary |    594 |    594 |      0 |      0 |    468 |   1 |  594.0 |
               +--------+--------+--------+--------+--------+-----+--------+

Top non-repeatable levels by time:
     D:3: 2057 daAuts
     D:2: 1663 daAuts
     D:4: 1564 daAuts
     D:1: 1362 daAuts
 Ossuary: 594 daAuts
     D:5: 539 daAuts
